 Dungeon Crawl Stone Soup version 0.28.0-53-g5a82cb258f (webtiles) character file.

Game seed: 1863682480373726019

71416 mcbry74 the Severer (level 14, 0/129 HPs)
             Began as a Minotaur Fighter on July 12, 2022.
             Was the Champion of Wu Jian.
             Killed from afar by a swamp worm (20 damage)
             ... with a harpoon shot
             ... on level 11 of the Dungeon.
             The game lasted 01:34:53 (25852 turns).

mcbry74 the Severer (Minotaur Fighter)             Turns: 25852, Time: 01:34:53

Health: 0/129      AC: 24    Str: 24    XL:     14   Next: 97%
Magic:  13/13      EV: 23    Int:  7    God:    Wu Jian [******]
Gold:   703        SH:  0    Dex: 10    Spells: 11/13 levels left

rFire   + + +      SeeInvis .   P - +2 executioner's axe (vamp)
rCold   x x .      Faith    .   (shield currently unavailable)
rNeg    . . .      Spirit   .   y - +3 plate armour {rF+}
rPois   .          Reflect  .   (helmet restricted)
rElec   .          Harm     +   h - scarf {harm}
rCorr   .          Rampage  .   (no gloves)
Will    +....                   D - +2 pair of boots {Fly}
Stlth   ..........              K - amulet of the acrobat
HPRegen 0.31/turn               A - ring of fire
MPRegen 0.13/turn               C - ring of fire

@: confused, ambrosia-drunk, acrobatic, flying
A: horns 2, retaliatory headbutt
a: Renounce Religion, Wall Jump, Serpent's Lash, Heavenly Storm


You were on level 11 of the Dungeon.
You worshipped Wu Jian.
Wu Jian was exalted by your worship.
You visited 3 branches of the dungeon, and saw 18 of its levels.
You also visited: Sewer and Volcano.

You collected 2135 gold pieces.
You spent 1432 gold pieces at shops.

Inventory:

Hand Weapons
 e - the +6 war axe of Focus {venom, rElec rC+}
   (You found it on level 3 of the Lair of Beasts)

   It poisons the flesh of those it strikes.
   rC:        It protects you from cold.
   rElec:     It insulates you from electricity.
 m - the +5 shortbow "Olerchot" {freeze, rN+ Dex+2}
   (You found it on level 4 of the Lair of Beasts)

   Any ammunition fired from it freezes those it strikes, dealing additional
   cold damage.
   It can also slow down cold-blooded creatures.
   Dex:       It affects your dexterity (+2).
   rN:        It protects you from negative energy.
 P - a +2 vampiric executioner's axe (weapon)
 S - a +6 broad axe of flaming
Missiles
 q - 2 boomerangs of dispersal
 r - 25 poisoned darts (quivered)
 s - 3 boomerangs
 x - a throwing net
 R - 8 javelins
Armour
 h - a scarf of harm (worn)
 j - the +3 pair of seven-league boots {Rampage+∞}
   (You acquired it on level 8 of the Dungeon)

   Its wearer moves as far as possible in that direction when moving towards
   enemies.
 o - a +2 ring mail of cold resistance
 y - a +3 plate armour of fire resistance (worn)
 D - a +2 pair of boots of flying (worn)
Jewellery
 k - a +6 ring of strength
 A - a ring of fire (left hand)
 C - a ring of fire (right hand)
 K - an amulet of the acrobat (around neck)
 L - a ring of wizardry
 Y - an amulet of reflection
Wands
 B - a wand of flame (19)
 G - a wand of charming (10)
 I - a wand of digging (5)
 M - a wand of iceblast (5)
 V - a wand of acid (4)
Scrolls
 g - 2 scrolls of fog
 n - 2 scrolls of holy word
 t - 2 scrolls of blinking
 v - 3 scrolls of immolation
 z - 3 scrolls of fear
 F - 2 scrolls of magic mapping
 N - 3 scrolls of summoning
 T - 3 scrolls of teleportation
Potions
 b - a potion of ambrosia
 d - 3 potions of might
 f - 2 potions of flight
 i - 3 potions of cancellation
 l - 6 potions of brilliance
 w - a potion of magic {unknown}
 E - 6 potions of curing
 H - a potion of berserk rage
 O - a potion of degeneration {unknown}
 Q - 4 potions of heal wounds
 U - 2 potions of resistance
 W - a potion of haste {unknown}
 X - a potion of mutation {unknown}


   Skills:
 - Level 13.0 Fighting
 + Level 18.2 Axes
 * Level 0.0 Bows
 - Level 9.5 Throwing
 - Level 17.1 Armour
 - Level 6.7 Shields
 - Level 1.7 Translocations
 + Level 7.5 Evocations


You had 11 spell levels left.
You knew the following spells:

 Your Spells              Type           Power      Damage    Failure   Level
a - Blink                 Tloc           4%         N/A       94%         2

Your spell library contained the following spells:

 Spells                   Type           Power      Damage    Failure   Level
 Magic Dart               Conj           0%         1d3       97%         1
 Slow                     Hex            0%         N/A       97%         1
 Corpse Rot               Necr/Air       0%         N/A       99%         2
 Ensorcelled Hibernation  Hex/Ice        0%         N/A       99%         2
 Poisonous Vapours        Pois/Air       0%         N/A       99%         2
 Searing Ray              Conj           0%         2d4       99%         2
 Confusing Touch          Hex            0%         N/A       100%        3
 Conjure Flame            Conj/Fire      0%         6-21      100%        3
 Spider Form              Tmut/Pois      0%         N/A       100%        3
 Vampiric Draining        Necr           0%         2d6       100%        3
 Anguish                  Hex/Necr       0%         N/A       100%        4
 Fulminant Prism          Conj/Hex       0%         3d6       100%        4
 Ice Form                 Ice/Tmut       0%         N/A       100%        4
 Iskenderun's Mystic Bla  Conj/Tloc      1%         2d3       100%        4
 Fireball                 Conj/Fire      0%         3d3       100%        5
 Iskenderun's Battlesphe  Conj           0%         2d6       100%        5
 Lee's Rapid Deconstruct  Erth           0%         3d5*      100%        5
 Lightning Bolt           Conj/Air       0%         1d11      100%        5
 Manifold Assault         Tloc           2%         N/A       100%        5
 Storm Form               Tmut/Air       0%         N/A       100%        7


Dungeon Overview and Level Annotations

Branches:
Dungeon (11/15)            Temple (0/1) D:4            Lair (6/6) D:10
 Shoals (0/4) Lair:4        Snake (0/4) Lair:2        Slime (0/5) Lair:6
    Orc (2/2) D:10            Elf (0/3) Orc:2         Sewer (visited)
Volcano (visited)

Altars:
Trog
Uskayaw
Wu Jian
Jiyva

Shops:
D:9 *   Orc:2 *?**

Annotations:
D:8 2 transporters, Flogoulo's ghost, journeyman TrCK
D:11 1 transporter


Innate Abilities, Weirdness & Mutations

You have a pair of horns on your head.
You reflexively headbutt those who attack you in melee.


Message History

You slash the swamp worm! Your headbutt misses the swamp worm.
The swamp worm is moderately wounded.
You hit the briar patch but do no damage. x2
The swamp worm fires a harpoon shot at you.
The harpoon shot hits you but does no damage.
The swamp worm barely misses you.
You miss the swamp worm. Your headbutt misses the swamp worm.
The swamp worm is moderately wounded.
You slice the briar patch!!
You destroy the briar patch!
You slash the briar patch! The swamp worm bites you!
The swamp worm fires a harpoon shot at you.
The harpoon shot hits you!!
* * * LOW HITPOINT WARNING * * *
You are yanked forward by the harpoon shot.
You collide with the briar patch!
You become entangled in the net!
Blink to where?
Press: ? - help, Dir - move target Really blink into that cloud of foul pestilence?
Okay, then.
Blink to where?
Press: ? - help, Dir - move target, f - briar patch
Aim: a briar patch
Okay, then.
You are confused.
You feel invigorated.
The swamp worm fires a harpoon shot at you.
The harpoon shot hits you.
* * * LOW HITPOINT WARNING * * *
You are yanked forward by the harpoon shot.
The swamp worm fires a harpoon shot at you.
The harpoon shot hits you!
* * * LOW HITPOINT WARNING * * *
You are yanked forward by the harpoon shot.
You collide with the briar patch!
The briar patch is severely damaged.
The swamp worm barely misses you.
The swamp worm fires a harpoon shot at you.
The harpoon shot hits you!
You die...

...........##..## ##.........
..........##..## #..........
..........#...##### #..........
...............<..## #..........
...................#####.........
...............................##
..............#########.########
....##....(...##w#♣#w##....#
.#####.......##≈@≈§#≈§####.## ##
#........#PP..P°PP#![#..#####
#.......©#©^^^^^^○+[©#©......
#........#P...§PPP#)"#.......
#........##≈≈≈#≈§§####.......
#.........#♣#w#♣#w#..........
#.........#########..........
#............................
##..............#.#..........


You could see 4 swamp worms.

Vanquished Creatures
  Saint Roka (Orc:2)
  A dire elephant (Lair:4)
  The ghost of Ashen the Covert, a journeyman DsIE of Vehumet (Orc:1)
  2 fire dragons
  13 hydras
  2 catoblepae (Lair:5)
  5 two-headed ogres
  A centaur warrior (D:10)
  3 death yaks (Lair:3)
  3 orc high priests (Orc:2)
  A fire crab (Lair:6)
  5 orc knights
  Pikel (D:9)
  2 lindwurms
  4 orc sorcerers (Orc:2)
  An oklob plant (Lair:6)
  2 cyclopes
  14 elephants
  A manticore (Lair:4)
  4 molten gargoyles
  9 black mambas
  A torpor snail (Lair:4)
  11 cane toads
  Maggie (Lair:1)
  14 komodo dragons
  A kobold demonologist (D:11)
  5 rime drakes
  An unseen horror (D:10)
  2 trolls
  A wind drake (Lair:4)
  2 hornets
  2 polar bears
  A meliai zombie (D:10)
  7 blink frogs
  A spriggan (Lair:3)
  A shadow (D:11)
  10 wyverns
  45 yaks
  6 fire bats (Volcano)
  7 basilisks
  The ghost of SHADDY the Skirmisher, an amateur DsFi of Jiyva (D:3)
  4 steam dragons
  6 vampire mosquitoes
  6 wargs
  A naga (Lair:2)
  An acid dragon (D:11)
  6 hell hounds
  19 water moccasins
  17 orc warriors
  An ice beast (D:8)
  16 wolves
  6 ogres
  2 centaurs
  2 lemures (D:9)
  11 bullfrogs
  2 kobold brigands
  3 scorpions
  15 wights
  2 howler monkeys
  5 electric eels
  5 centaur zombies
  9 lava snakes
  6 hounds
  A jelly (D:5)
  16 orc priests
  16 orc wizards
  A howler monkey zombie (D:10)
  13 gnolls
  23 adders
  An ufetubus (D:5)
  An adder skeleton (D:4)
  4 worms
  2 dart slugs
  41 orcs
  3 endoplasms (D:4)
  9 giant cockroaches
  6 goblins
  5 hobgoblins
  5 jackals
  6 quokkas
  13 ball pythons
  2 bats (D:3)
  5 frilled lizards
  15 kobolds
  5 rats
  2 briar patches (D:11)
  2 fungi (Lair:1)
538 creatures vanquished.

Vanquished Creatures (others)
  3 briar patches (D:11)
  2 bushes (Lair:3)
  57 fungi
  96 plants
  9 toadstools (Lair:4)
167 creatures vanquished.

Grand Total: 705 creatures vanquished

Notes
Turn   | Place    | Note
-------+----------+-------------------------------------------
     0 | D:1      | mcbry74 the Minotaur Fighter began the quest for the Orb.
     0 | D:1      | Reached XP level 1. HP: 19/19 MP: 0/0
   153 | D:1      | Reached XP level 2. HP: 21/27 MP: 1/1
   359 | D:1      | Reached skill level 3 in Axes
   442 | D:1      | Found a faded altar of an unknown god.
   703 | D:2      | Noticed a scorpion
   709 | D:2      | Killed a scorpion
   710 | D:2      | Reached XP level 3. HP: 33/33 MP: 2/2
   724 | D:2      | Reached XP level 4. HP: 40/40 MP: 3/3
   786 | D:2      | Reached skill level 4 in Axes
  1713 | D:3      | Found an ornate altar of the Wu Jian Council.
  1730 | D:3      | Became a worshipper of the Wu Jian Council
  1747 | D:3      | Reached skill level 5 in Axes
  1747 | D:3      | Reached XP level 5. HP: 36/46 MP: 4/4
  1921 | D:3      | Found a glowing drain.
  1931 | Sewer    | Entered a sewer
  2030 | Sewer    | Reached skill level 5 in Armour
  2044 | Sewer    | Reached * piety under Wu Jian
  2180 | Sewer    | Reached skill level 6 in Axes
  2180 | Sewer    | Reached XP level 6. HP: 36/52 MP: 5/5
  2515 | D:3      | Noticed SHADDY's ghost (amateur DsFi)
  2520 | D:3      | Found a runed translucent door.
  2551 | D:3      | Killed SHADDY's ghost
  3037 | D:3      | Reached skill level 7 in Axes
  3392 | D:4      | Reached XP level 7. HP: 58/59 MP: 6/6
  3879 | D:4      | Found a staircase to the Ecumenical Temple.
  4150 | D:5      | Entered Level 5 of the Dungeon
  4163 | D:5      | Reached skill level 8 in Axes
  4595 | D:5      | Reached ** piety under Wu Jian
  4806 | D:5      | Reached skill level 9 in Axes
  4871 | D:5      | Reached XP level 8. HP: 64/66 MP: 7/7
  5316 | D:5      | You fall into a shaft and drop 3 floors!
  5327 | D:8      | Reached skill level 10 in Axes
  5855 | D:8      | Identified a scroll of acquirement
  5919 | D:8      | Acquired the +3 pair of seven-league boots {Rampage+∞}
  5919 | D:8      | Found the +3 pair of seven-league boots {Rampage+∞}
  6205 | D:8      | Found a transporter.
  6236 | D:8      | Noticed a moth of wrath
  6239 | D:8      | Noticed Flogoulo's ghost (journeyman TrCK)
  6250 | D:8      | Found a transporter.
  6256 | D:8      | Found a bloodstained altar of Trog.
  6388 | D:8      | Reached skill level 11 in Axes
  6884 | D:9      | Got Sif Muna's Papyrus of Freezing Air
  6900 | D:9      | Reached XP level 9. HP: 71/71 MP: 8/8
  7106 | D:9      | Noticed Pikel
  7107 | D:9      | Reached *** piety under Wu Jian
  7110 | D:9      | Killed Pikel
  7111 | D:9      | Reached skill level 12 in Axes
  7111 | D:9      | Reached skill level 10 in Armour
  7390 | D:9      | Found Kooreuj's CLEARANCE SALE!.
  7398 | D:9      | Bought a scroll of brand weapon for 120 gold pieces
  7398 | D:9      | Bought a scroll of magic mapping for 21 gold pieces
  7562 | D:10     | Entered Level 10 of the Dungeon
  7584 | D:10     | Found a staircase to the Orcish Mines.
  7672 | D:10     | Reached skill level 13 in Axes
  7674 | D:10     | Paralysed by a hornet for 3 turns
  7680 | D:10     | Noticed a centaur warrior
  7686 | D:10     | Noticed a troll
  7690 | D:10     | Killed a centaur warrior
  7691 | D:10     | Reached XP level 10. HP: 45/79 MP: 9/9
  7692 | D:10     | Noticed a cyclops
  7698 | D:10     | Noticed a two-headed ogre
  7708 | D:10     | Killed a two-headed ogre
  7709 | D:10     | Reached skill level 14 in Axes
  7719 | D:10     | Killed a cyclops
  8229 | D:10     | Found a staircase to the Lair.
  8249 | D:10     | Reached skill level 15 in Axes
  8698 | D:10     | Noticed a two-headed ogre
  8711 | D:10     | Killed a two-headed ogre
  8712 | D:10     | Reached XP level 11. HP: 84/84 MP: 10/10
  8807 | D:10     | Noticed a two-headed ogre
  8830 | D:10     | Killed a two-headed ogre
  9044 | D:10     | Noticed a two-headed ogre
  9057 | D:10     | Killed a two-headed ogre
  9058 | D:10     | Reached skill level 1 in Throwing
  9086 | D:11     | Found a transporter.
  9118 | D:11     | Reached skill level 5 in Fighting
  9355 | D:11     | Noticed a two-headed ogre
  9355 | D:11     | Reached **** piety under Wu Jian
  9361 | D:11     | Killed a two-headed ogre
  9628 | D:11     | Reached skill level 16 in Axes
  9983 | D:11     | Found a transporter.
 10348 | Lair:1   | Entered Level 1 of the Lair of Beasts
 10486 | Lair:1   | Identified the +2 short sword "Yteel" {vorpal, *Rage Int+9}
 10565 | Lair:1   | Noticed Maggie
 10575 | Lair:1   | Killed Maggie
 10852 | Lair:1   | Reached skill level 1 in Evocations
 11225 | Lair:1   | Reached XP level 12. HP: 91/100 MP: 11/11
 11553 | Lair:1   | You fall into a shaft and drop 1 floor!
 11590 | Lair:2   | Noticed a seven-headed hydra
 11600 | Lair:2   | Killed a four-headed hydra
 11601 | Lair:2   | Reached skill level 5 in Throwing
 11735 | Lair:2   | Found a dark tunnel.
 11744 | Volcano  | Entered a volcano
 11922 | Volcano  | Found a radiant altar of Vehumet.
 12255 | Volcano  | Noticed a fire dragon
 12264 | Volcano  | Killed a fire dragon
 12265 | Volcano  | Reached skill level 15 in Armour
 13245 | Lair:2   | Found a staircase to the Snake Pit.
 14087 | Lair:3   | Noticed a four-headed hydra
 14095 | Lair:3   | Killed a one-headed hydra
 14185 | Lair:3   | Noticed a death yak
 14209 | Lair:3   | Killed a death yak
 14209 | Lair:3   | Reached ***** piety under Wu Jian
 14333 | Lair:3   | Noticed a death yak
 14335 | Lair:3   | Noticed a death yak
 14338 | Lair:3   | Killed a death yak
 14345 | Lair:3   | Killed a death yak
 14707 | Lair:3   | Reached XP level 13. HP: 82/111 MP: 12/12
 14858 | Lair:3   | Reached skill level 17 in Axes
 15016 | Lair:3   | Found a hide-covered altar of Uskayaw.
 15110 | Lair:3   | Identified the +6 war axe of Focus {venom, rElec rC+}
 15754 | Lair:4   | Reached skill level 5 in Evocations
 15869 | Lair:4   | Reached skill level 10 in Fighting
 16231 | Lair:4   | Found a staircase to the Shoals.
 16626 | Lair:4   | Noticed a dire elephant
 16646 | Lair:4   | Found a runed translucent door.
 16694 | Lair:4   | Killed a dire elephant
 16893 | Lair:4   | Identified the +5 shortbow "Olerchot" {freeze, rN+ Dex+2}
 17869 | Lair:5   | Got the Guide on Confrontation
 18071 | Lair:5   | Reached XP level 14. HP: 120/124 MP: 13/13
 18293 | Lair:5   | Identified the +5 ring mail of the Sacrificial Victim
                  | {rElec Will- Str+4 Dex+4}
 18422 | Lair:6   | Entered Level 6 of the Lair of Beasts
 19307 | Lair:6   | Reached skill level 18 in Axes
 19388 | Lair:6   | Reached skill level 5 in Shields
 19617 | Lair:6   | Found a viscous altar of Jiyva.
 19617 | Lair:6   | Found a staircase to the Slime Pits.
 20519 | Lair:6   | Found a large runed translucent door.
 20697 | Lair:6   | Found a large runed translucent door.
 20879 | Lair:6   | Reached ****** piety under Wu Jian
 21813 | Lair:1   | Learned a level 2 spell: Blink
 21849 | Orc:1    | Entered Level 1 of the Orcish Mines
 22150 | Orc:1    | Found a runed translucent door.
 22150 | Orc:1    | Noticed Ashen's ghost (journeyman DsIE)
 22168 | Orc:1    | Killed Ashen's ghost
 22784 | Orc:2    | Entered Level 2 of the Orcish Mines
 22784 | Orc:2    | Noticed Saint Roka
 22887 | Orc:2    | Killed Saint Roka
 22888 | Orc:2    | Reached skill level 1 in Translocations
 23734 | Orc:2    | Found a staircase to the Elven Halls.
 25432 | Orc:2    | Found Xeotrurr's General Store.
 25458 | Orc:2    | Found Fusit's Magic Scroll Shop.
 25468 | Orc:2    | Found Aluwedd's Assorted Antiques.
 25472 | Orc:2    | Found Xueps's Assorted Antiques.
 25494 | Orc:2    | Bought a potion of heal wounds for 75 gold pieces
 25494 | Orc:2    | Bought a potion of ambrosia for 120 gold pieces
 25496 | Orc:2    | Bought a scroll of teleportation for 33 gold pieces
 25496 | Orc:2    | Bought a scroll of teleportation for 33 gold pieces
 25496 | Orc:2    | Bought a scroll of holy word for 82 gold pieces
 25504 | Orc:2    | Bought a scroll of enchant weapon for 172 gold pieces
 25504 | Orc:2    | Bought 2 potions of heal wounds for 230 gold pieces
 25506 | Orc:2    | Bought a glowing executioner's axe for 338 gold pieces
 25506 | Orc:2    | Bought a potion of cancellation for 208 gold pieces
 25852 | D:11     | Killed from afar by a swamp worm

Illustrated notes

Levels and vault maps discovered:
D:1:      matt_arrival_refuge, layout_rooms,
          shapermc_ecumenical_altar_mp_highgroup
D:2:      layout_loops_ring
D:3:      layout_loops_ring, nicolae_wu_jian_wuxing_cycle, portal_sewer_entry_d,
          hellmonk_ghost_happy_afterlife, nrook_uturn
D:4:      layout_loops_ring, minmay_temple_entry_metal_lava
D:5:      layout_basic
D:7:      layout_basic
D:8:      layout_loops_corners, gammafunk_ghost_wrathful_warriors
D:9:      layout_basic, nicolae_shop_clearance, uniq_pikel
D:10:     layout_roguey, erik_lair_island, minmay_orc_entry_guard_dogs,
          minivault_20, kennysheep_generic_room_6
D:11:     gammafunk_worm_tunnel, layout_cave_pods
Lair:1:   minmay_lair_venomous_thicket, layout_loops_ring, grunt_megastairs_4,
          uniq_maggie
Lair:2:   layout_roguey, guppyfry_snake_entry_garden, enter_volcano_1
Lair:3:   layout_long_grid, basic_altar, grunt_forest_large_clearing_hut,
          infiniplex_staircase_pool
Lair:4:   gammafunk_lair_enchanted_lake, layout_regular_city,
          minmay_shoals_entry_beasts, grunt_megastairs_3
Lair:5:   layout_long_grid, serial_bayou_pond_b
Lair:6:   cheibrodos_lair_end_hotspot, layout_loops_ring,
          dpeg_slime_entry_enclosed_altar, infiniplex_staircase_pool_2
Orc:1:    layout_caves, gammafunk_ghost_grave
Orc:2:    st_orc_elflike, layout_caves, uniq_saint_roka

Skill      XL: |  1  2  3  4  5  6  7  8  9 10 11 12 13 14 |
---------------+-------------------------------------------+-----
Axes           | 3 5 6 7 9 11 13 15 16 17 18 | 18.2
Fighting       | 4 7 9 11 13 | 13.0
Armour         | 4 5 7 8 11 13 14 15 16 17 | 17.1
Shields        | 4 6 |  6.7
Throwing       | 4 6 8 9 |  9.5
Evocations     | 1 4 6 7 |  7.5
Translocations | 1 |  1.7

Action                   |  1- 3 |  4- 6 |  7- 9 | 10-12 | 13-15 || total
-------------------------+-------+-------+-------+-------+-------++-------
Melee: Dagger            |    22 |    68 |       |       |       ||    90
       Headbutt          |       |    29 |    48 |    56 |   128 ||   261
       War axe           |       |   126 |    44 |   163 |   361 ||   694
       Hand axe          |       |       |   240 |       |       ||   240
       Broad axe         |       |       |       |   182 |   229 ||   411
       Executioner's axe |       |       |       |       |     4 ||     4
Throw: Dart              |       |       |       |    19 |    13 ||    32
       Throwing net      |       |       |       |     1 |       ||     1
Invok: Lunge             |       |    10 |     7 |       |     1 ||    18
       Whirlwind         |       |     3 |     6 |     5 |    16 ||    30
 Abil: Wall Jump         |       |       |       |       |     1 ||     1
  Use: Scroll            |       |       |     7 |     1 |    17 ||    25
       Potion            |       |       |     3 |     2 |     4 ||     9
 Stab: Distracted        |       |       |     2 |     3 |       ||     5
       Held in net/web   |       |       |       |     1 |       ||     1
       Petrified         |       |       |       |       |     4 ||     4
Armor: Scale mail        |     8 |    10 |       |       |       ||    18
       Chain mail        |       |    78 |   115 |    40 |       ||   233
       Skin              |       |       |     7 |     8 |       ||    15
       Acid dragon scale |       |       |       |    43 |       ||    43
       Plate armour      |       |       |       |    37 |   313 ||   350
Dodge: Dodged            |     7 |    50 |    71 |    82 |   109 ||   319
Block: Buckler           |     3 |    43 |    49 |    43 |    33 ||   171
       Tower shield      |       |       |       |       |   200 ||   200
